 Dungeon Crawl Stone Soup version 0.31-a0-365-gcf821cafb2 (webtiles) character file.

Game seed: 13661696073995886436

500 lunkers the Martial Artist (level 7, -1/52 HPs)
             Began as a Meteoran Shapeshifter on July 27, 2023.
             Was an Initiate of Gozag.
             Slain by a sky beast (2 damage)
             ... on level 6 of the Dungeon.
             The game lasted 00:06:46 (2490 turns).

lunkers the Martial Artist (Meteoran Shapeshifter)  Turns: 2490, Time: 00:06:46

Health: -1/52      AC:  2    Str: 16    XL:     7   Next: 67%
Magic:  8/8        EV: 11    Int: 11    God:    Gozag
Gold:   360        SH:  3    Dex: 11    Spells: 6/6 levels left

rFire   . .          .
                       - Unarmed
rCold   + . .        j - +0 buckler
rNeg    . . .        a - +0 animal skin
rPois   .            (helmet currently unavailable)
rElec   +            (cloak currently unavailable)
rCorr   .            (gloves currently unavailable)
SInv    .            (boots currently unavailable)
Will    ++...        (no amulet)
Stlth   +            r - ring of willpower
HPRegen 0.28/turn    e - ring "Aresm" {rElec rC+ Will+ Dex-5}
MPRegen 0.11/turn

%: no passive effects
@: beast-form, glowing
A: beast (slay +2), sense surroundings 1, otherworldly, glowing, explore regen
a: Begin Untransformation, Renounce Religion, Potion Petition, Call Merchant,
Bribe Branch


You were on level 6 of the Dungeon.
You worshipped Gozag.
Gozag was aware of your devotion.
You were a hulking beast.
You visited 2 branches of the dungeon, and saw 7 of its levels.

You collected 433 gold pieces.
You paid 73 gold pieces to Gozag.

Inventory:

Armour
 a - a +0 animal skin (worn)
 j - a +0 buckler (worn)
 u - a +0 cloak
Jewellery
 e - the ring "Aresm" (right hand) {rElec rC+ Will+ Dex-5}
   (You found it on level 4 of the Dungeon)

   [ring of protection from cold]

   Dex:       It affects your dexterity (-5).
   rC:        It protects you from cold.
   rElec:     It insulates you from electricity.
   Will:      It increases your willpower.
 r - a ring of willpower (left hand)
 t - a ring of protection from cold
Talismans
 c - a beast talisman
Wands
 g - a wand of mindburst (9)
 h - a wand of paralysis (13)
Scrolls
 d - a scroll of fear
 f - a scroll of fog
Potions
 b - 3 potions of lignification
 i - a potion of attraction
 k - a potion of brilliance
 m - a potion of invisibility
 n - a potion of magic {unknown}
 o - a potion of heal wounds
 p - 2 potions of curing {unknown}
 q - a potion of mutation {unknown}
 s - a potion of berserk rage {unknown}
 v - a potion of haste {unknown}
 w - a potion of enlightenment {unknown}


   Skills:
 - Level 1.1 Fighting
 - Level 2.4 Dodging
 * Level 9.5 Unarmed Combat
 - Level 3.6 Shapeshifting


You had 6 spell levels left.
You didn't know any spells.
Your spell library contained the following spells:

 Spells                   Type           Power      Damage    Failure   Level
 Magic Dart               Conj           0%         1d3       43%         1
 Blink                    Tloc           0%         N/A       56%         2
 Call Imp                 Summ           0%         N/A       56%         2
 Poisonous Vapours        Pois/Air       0%         N/A       56%         2
 Call Canine Familiar     Summ           0%         N/A       80%         3
 Mephitic Cloud           Conj/Pois/Air  0%         N/A       80%         3
 Portal Projectile        Hex/Tloc       0%         N/A       80%         3
 Leda's Liquefaction      Hex/Erth       0%         N/A       99%         4
 Manifold Assault         Tloc           0%         N/A       99%         4
 Freezing Cloud           Conj/Ice/Air   0%         6-21      100%        5
 Haunt                    Necr/Summ      0%         N/A       100%        7
 Borgnjor's Revivificati  Necr           0%         N/A       100%        8
 Death's Door             Necr           0%         N/A       100%        9


Dungeon Overview and Level Annotations

Branches:
Dungeon (6/15) Zot: 1267   Temple (1/1) D:4 Zot: 460

Altars:
Ashenzari
Cheibriados
Dithmenos
Elyvilon
Fedhas
Gozag
Hepliaklqana
Kikubaaqudgha
Nemelex Xobeh
Okawaru
Qazlal
Ru
Sif Muna
Trog
Uskayaw
Wu Jian
Xom


Innate Abilities, Weirdness & Mutations

You are a hulking beast.
Your limbs bulge with bestial killing power. (Slay +2)
You passively map a small area around you.
You are easily found by Zot.
You glow in the dark.
You regain HP and MP as you explore.


Message History

* * * LOW HITPOINT WARNING * * *
You are poisoned.
The scorpion poisons you!
You hit the scorpion.
You kill the scorpion!
You feel sick.
You feel sick.
You now have 360 gold pieces (gained 9).
You are no longer corroded.
You feel sick.
You feel sick.
You feel sick.
You feel sick.
You feel sick.
You feel sick.
You are no longer poisoned.
An orc and a sky beast come into view.
The orc is wielding a +2 heavy flail.
The orc shouts!
You hear a shout! x2
The orc moves out of view.
The sky beast flickers out of sight!
Deactivating autopickup; reactivate with Ctrl-A.
You swing at nothing.
Something hits you.
* * * LOW HITPOINT WARNING * * *
Something shocks you. You resist.
* * * LOW HITPOINT WARNING * * *
The orc throws a boomerang.
The boomerang hits you.
* * * LOW HITPOINT WARNING * * *
You barely miss something. Something hits you.
* * * LOW HITPOINT WARNING * * *
Something shocks you. You resist.
* * * LOW HITPOINT WARNING * * *
You punch something!
The orc throws a boomerang.
The boomerang hits you.
* * * LOW HITPOINT WARNING * * *
A sky beast appears from thin air!
Reactivating autopickup.
The sky beast hits you.
* * * LOW HITPOINT WARNING * * *
The sky beast shocks you. You resist.
You die...
Your body crumbles into a pile of gold.

,,,,,,,,,,,,##.### *,,,,,,,,
************#....# *,,,,,,,, *
*,,,,,$#.Y.###.# *,,,,,,,, *
******,.,,** #.# *,,,,,,,, *
*,,,,,,>,* #.# *,,,,,,,, *
*,,,,,,,** #.# *,,,,,,,, *
*,,,,,,,* #o# *,,,,,,,, *
*,,,,,,,* #Y########......., *
*****########h########.......,
* #......#.########......., *
###.####.#.......#########* *
#...# #.#######.#..######* *
#...# #.# #####.#..######* *
#...# #.#######.#..######* *
#...# #.........#<...####* *
#...# ##############.####* *
#...#######.###.......####*


You could see a sky beast and an orc.

Vanquished Creatures
  An ogre (D:5)
  A phantom (D:5)
  A scorpion (D:6)
  3 jellies
  2 orc priests
  An orc wizard (D:5)
  2 adders
  A shadow imp (D:6)
  3 worms
  3 dart slugs
  10 orcs
  4 bats
  7 endoplasms
  3 giant cockroaches
  A goblin (D:2)
  3 hobgoblins
  6 kobolds
  2 quokkas (D:2)
  5 ball pythons
  6 frilled lizards
  8 rats
73 creatures vanquished.

Notes
Turn   | Place    | Note
-------+----------+-------------------------------------------
     0 | D:1      | lunkers the Meteoran Shapeshifter began the quest for the
                  | Orb.
     0 | D:1      | Reached XP level 1. HP: 16/16 MP: 2/2
    46 | D:1      | Reached skill level 4 in Unarmed Combat
    46 | D:1      | Reached XP level 2. HP: 18/23 MP: 3/3
   224 | D:1      | Reached XP level 3. HP: 28/28 MP: 4/4
   334 | D:2      | Found a hide-covered altar of Uskayaw.
   375 | D:2      | Reached skill level 5 in Unarmed Combat
   525 | D:2      | Reached XP level 4. HP: 27/35 MP: 5/5
   899 | D:3      | Found a faded altar of an unknown god.
   945 | D:3      | Reached skill level 6 in Unarmed Combat
  1016 | D:3      | Reached XP level 5. HP: 35/40 MP: 6/6
  1115 | D:4      | Found a staircase to the Ecumenical Temple.
  1126 | Temple   | Entered the Ecumenical Temple
  1126 | Temple   | Noticed a neqoxec
  1126 | Temple   | Noticed a hell beast
  1126 | Temple   | Noticed an orange demon
  1126 | Temple   | Noticed a sixfirhy
  1126 | Temple   | Noticed a Tzitzimitl
  1126 | Temple   | Noticed an orange demon
  1128 | Temple   | Noticed Koomyasott the pandemonium lord
  1128 | Temple   | Noticed Jius the pandemonium lord
  1128 | Temple   | Noticed a ynoxinul
  1129 | Temple   | Noticed a Tzitzimitl
  1130 | Temple   | Noticed Cayfaq the pandemonium lord
  1130 | Temple   | Noticed a smoke demon
  1228 | Temple   | Noticed Koyv the pandemonium lord
  1231 | Temple   | Noticed Tiar the pandemonium lord
  1232 | Temple   | Noticed a rust devil
  1246 | Temple   | Became a worshipper of Gozag Ym Sagoz the Greedy
  1344 | D:4      | Identified the ring "Aresm" {rElec rC+ Will+ Dex-5}
  1726 | D:5      | Entered Level 5 of the Dungeon
  1742 | D:5      | Noticed a phantom
  1753 | D:5      | Killed a phantom
  1754 | D:5      | Reached skill level 7 in Unarmed Combat
  1754 | D:5      | Reached XP level 6. HP: 41/47 MP: 7/7
  1803 | D:5      | Reached skill level 8 in Unarmed Combat
  1880 | D:5      | Noticed an ogre
  1889 | D:5      | Killed an ogre
  1890 | D:5      | Reached XP level 7. HP: 12/52 MP: 8/8
  1907 | D:5      | Reached skill level 9 in Unarmed Combat
  2117 | D:5      | Found a broken altar of Ashenzari.
  2490 | D:6      | HP: 1/52 [sky beast (2)]
  2490 | D:6      | Slain by a sky beast

Illustrated notes

Levels and vault maps discovered:
D:1:      dpeg_arrival_rooms_with_view, layout_basic, serial_forest,
          infiniplex_forest_straight_2, infiniplex_forest_straight_3,
          infiniplex_forest_end_1, infiniplex_forest_straight_3,
          infiniplex_forest_3_way, infiniplex_forest_straight_2,
          infiniplex_forest_lined_3_way, infiniplex_forest_end_1
D:2:      layout_rooms, serial_shops, shop_statue, basic_altar, uniq_sigmund
D:3:      layout_loops_ring, serial_shops, shop, basic_ecumenical_altar,
          minmay_parallelograms
D:4:      layout_loops_ring, vehumet_altar_wand_db,
          minmay_temple_entry_poolview, hellmonk_guarded_unrand_hermit
D:5:      layout_cave_pools, mainiacjoe_overflow_boulevard, grunt_decor_junction
D:6:      layout_basic, demons_altar, portal_sewer_entry_e, uniq_edmund
Temple:   nicolae_temple_panitentiary

Skill      XL: |  1  2  3  4  5  6  7 |
---------------+----------------------+-----
Unarmed Combat | 4 5 6 7 8 9 |  9.5
Fighting       | |  1.1
Dodging        | |  2.4
Shapeshifting  | |  3.6

Action                     |  1- 3 |  4- 6 |  7- 9 || total
---------------------------+-------+-------+-------++-------
  Melee: Unarmed           |    62 |    93 |    36 ||   191
         Punch             |     1 |       |       ||     1
    Use: Scroll            |       |    12 |     2 ||    14
 Armour: Animal skin       |    15 |     4 |     3 ||    22
  Dodge: Dodged            |    30 |    32 |     5 ||    67
  Block: Buckler           |     1 |    12 |     3 ||    16

Table legend: (Time is in decaauts)
 A = Elapsed time spent in this place.
 B = Non-inter-level travel time spent in this place.
 C = Inter-level travel time spent in this place.
 D = Time resting spent in this place.
 E = Time spent auto-exploring this place.
 F = Levels seen in this place.
 G = Mean time per level.
                   A        B        C        D        E       F      G
               +--------+--------+--------+--------+--------+-----+--------+
         Total |   2471 |   2359 |    112 |     66 |   1529 |   7 |  353.0 |
       Dungeon |   2331 |   2238 |     93 |      0 |   1529 |   6 |  388.5 |
        Temple |    139 |    120 |     19 |     66 |      0 |   1 |  139.0 |
               +--------+--------+--------+--------+--------+-----+--------+

Top non-repeatable levels by time:
     D:5: 656 daAuts
     D:4: 531 daAuts
     D:2: 417 daAuts
     D:1: 330 daAuts
     D:3: 297 daAuts
  Temple: 139 daAuts
     D:6: 99 daAuts
